General information
- name: BNet
- type: Ladder team game (AT/RT)
- host: Battle.net
- saver: Birdeneering
map: RiceFields
- players: 6
- length: 32:18
- speed: Fast
- version: 1.26 W3XP
- replay type:

» download(289 KB)
Players
team 1 (winner)
backintheUSSR (
green | 115 APM | 3723 actions | 32:17)
5 Warden
3 Shadow Strike
2 Blink
4 Pandaren Brewmaster
2 Breath of Fire
1 Drunken Haze
1 Drunken Brawler
» actions
| Assign group hotkey | 10 | |
| Basic commands | 32 | |
| Build / train | 77 | |
| Enter build submenu | 22 | |
| Enter hero's abilities submenu | 9 | |
| Give item / drop item | 5 | |
| Right click | 2195 | |
| Select / deselect | 217 | |
| Select group hotkey | 840 | |
| Use ability | 316 | |
3723 total
» units
| Wisp | 30 | |
| Druid of the Talon | 9 | |
39 total
» upgrades
| Ultravision | 1 | |
| Well Spring | 1 | |
| Nature's Blessing | 1 | |
| Strength of the Wild | 3 | |
| Druid of the Talon Training | 2 | |
| Reinforced Hides | 3 | |
| Mark of the Talon | 1 | |
| Corrosive Breath | 1 | |
13 total
» buildings
| Altar of Elders | 1 | |
| Moon Well | 13 | |
| Tree of Life | 1 | |
| Tree of Ages | 1 | |
| Hunter's Hall | 1 | |
| Ancient of Wonders | 1 | |
| Tree of Eternity | 1 | |
| Ancient of Wind | 2 | |
| Chimaera Roost | 1 | |
22 total
» build order
00:09 Altar of Elders
00:13 Moon Well
00:15 Moon Well
01:40 Moon Well
04:43 Moon Well
05:48 Tree of Life
06:41 Tree of Ages
06:44 Hunter's Hall
08:15 Ancient of Wonders
09:14 Tree of Eternity
12:22 Moon Well
12:24 Moon Well
12:28 Moon Well
15:52 Ancient of Wind
18:59 Ancient of Wind
19:37 Moon Well
19:38 Moon Well
19:39 Moon Well
19:40 Moon Well
24:59 Moon Well
25:00 Moon Well
26:28 Chimaera Roost
» items
| Orb of Lightning | 1 | |
| Orb of Venom | 1 | |
| Staff of Sanctuary | 3 | |
| Potion of Healing | 2 | |
| Lesser Clarity Potion | 1 | |
| Scroll of Regeneration | 1 | |
9 total
Birdeneering (
orange | 127 APM | 4104 actions | 32:18)
5 Archmage
3 Blizzard
2 Brilliance Aura
4 Blood Mage
2 Flame Strike
2 Siphon Mana
» actions
| Assign group hotkey | 492 | |
| Basic commands | 21 | |
| Build / train | 169 | |
| Enter build submenu | 146 | |
| Enter hero's abilities submenu | 9 | |
| Give item / drop item | 5 | |
| Right click | 1736 | |
| Select / deselect | 444 | |
| Select group hotkey | 773 | |
| Use ability | 309 | |
4104 total
» units
» upgrades
| Masonry | 3 | |
| Lumber Harvesting | 2 | |
| Magic Sentry | 1 | |
6 total
» buildings
| Altar of Kings | 1 | |
| Farm | 5 | |
| Lumber Mill | 1 | |
| Scout Tower | 183 | |
| Arcane Tower | 3 | |
| Guard Tower | 94 | |
| Arcane Vault | 3 | |
| Keep | 1 | |
| Arcane Sanctum | 1 | |
| Castle | 1 | |
| Town Hall | 2 | |
295 total
» build order
00:04 Altar of Kings
00:18 Farm
00:49 Lumber Mill
00:59 Farm
01:18 Scout Tower
01:44 Arcane Tower
01:46 Scout Tower
02:01 Scout Tower
02:03 Scout Tower
02:13 Guard Tower
02:15 Scout Tower
02:27 Arcane Vault
02:30 Arcane Tower
02:31 Scout Tower
02:46 Guard Tower
02:50 Scout Tower
03:16 Scout Tower
03:17 Guard Tower
03:18 Scout Tower
03:21 Guard Tower
03:21 Guard Tower
03:40 Keep
03:41 Guard Tower
03:49 Guard Tower
03:50 Scout Tower
04:03 Scout Tower
04:04 Guard Tower
04:29 Scout Tower
04:30 Guard Tower
04:30 Guard Tower
04:56 Guard Tower
04:57 Scout Tower
04:59 Scout Tower
04:59 Scout Tower
05:00 Scout Tower
05:30 Scout Tower
05:31 Scout Tower
05:42 Guard Tower
05:56 Farm
06:18 Arcane Sanctum
06:21 Farm
06:24 Guard Tower
06:26 Scout Tower
06:27 Arcane Vault
06:29 Scout Tower
06:49 Scout Tower
06:52 Scout Tower
06:57 Castle
06:59 Guard Tower
06:59 Guard Tower
07:02 Guard Tower
07:19 Scout Tower
07:20 Scout Tower
07:21 Guard Tower
08:02 Scout Tower
08:17 Scout Tower
08:18 Scout Tower
08:18 Scout Tower
08:19 Scout Tower
08:28 Guard Tower
08:29 Scout Tower
08:30 Scout Tower
09:02 Guard Tower
09:03 Scout Tower
09:14 Guard Tower
09:33 Arcane Tower
09:56 Guard Tower
09:58 Scout Tower
09:59 Scout Tower
10:07 Guard Tower
10:08 Scout Tower
10:12 Guard Tower
10:47 Guard Tower
10:49 Scout Tower
10:51 Scout Tower
10:57 Guard Tower
10:58 Scout Tower
10:59 Scout Tower
11:15 Scout Tower
11:15 Scout Tower
11:17 Scout Tower
11:18 Scout Tower
11:19 Scout Tower
11:20 Scout Tower
11:21 Scout Tower
11:42 Scout Tower
11:43 Guard Tower
11:45 Guard Tower
11:47 Guard Tower
11:49 Scout Tower
11:50 Scout Tower
12:03 Scout Tower
12:04 Scout Tower
12:04 Guard Tower
12:12 Guard Tower
12:15 Scout Tower
12:15 Scout Tower
12:17 Guard Tower
12:18 Scout Tower
12:19 Scout Tower
12:34 Guard Tower
12:36 Guard Tower
12:39 Scout Tower
12:40 Scout Tower
12:42 Scout Tower
12:44 Guard Tower
12:46 Scout Tower
12:47 Scout Tower
12:52 Guard Tower
12:56 Scout Tower
12:57 Scout Tower
13:03 Guard Tower
13:09 Guard Tower
13:09 Guard Tower
13:10 Guard Tower
13:36 Guard Tower
13:39 Guard Tower
13:42 Guard Tower
13:46 Scout Tower
13:47 Guard Tower
13:48 Guard Tower
13:48 Guard Tower
13:48 Guard Tower
13:50 Guard Tower
13:50 Guard Tower
13:51 Guard Tower
14:06 Guard Tower
14:08 Scout Tower
14:09 Scout Tower
14:19 Guard Tower
14:20 Scout Tower
14:22 Scout Tower
14:23 Scout Tower
14:42 Guard Tower
14:46 Scout Tower
14:46 Scout Tower
15:00 Guard Tower
15:03 Scout Tower
15:05 Scout Tower
15:06 Scout Tower
15:08 Guard Tower
15:10 Scout Tower
15:19 Scout Tower
15:20 Scout Tower
15:21 Scout Tower
15:21 Scout Tower
15:59 Guard Tower
16:01 Scout Tower
16:02 Scout Tower
16:11 Scout Tower
16:13 Guard Tower
16:13 Guard Tower
16:13 Guard Tower
16:37 Guard Tower
16:39 Scout Tower
16:39 Scout Tower
16:40 Scout Tower
16:46 Guard Tower
16:50 Guard Tower
16:58 Scout Tower
16:59 Scout Tower
17:02 Scout Tower
17:03 Scout Tower
17:05 Guard Tower
17:08 Scout Tower
17:09 Scout Tower
17:10 Scout Tower
17:12 Scout Tower
17:14 Scout Tower
17:15 Scout Tower
17:16 Scout Tower
17:18 Guard Tower
17:25 Farm
17:30 Guard Tower
18:12 Guard Tower
18:27 Scout Tower
18:42 Guard Tower
18:45 Scout Tower
18:47 Scout Tower
19:04 Guard Tower
19:05 Scout Tower
19:12 Scout Tower
19:12 Scout Tower
19:34 Guard Tower
19:36 Scout Tower
19:37 Scout Tower
19:38 Scout Tower
19:41 Guard Tower
19:57 Guard Tower
20:02 Scout Tower
20:04 Scout Tower
20:04 Scout Tower
20:05 Scout Tower
20:06 Guard Tower
20:09 Scout Tower
20:12 Scout Tower
20:12 Scout Tower
20:59 Guard Tower
21:05 Town Hall
21:07 Scout Tower
21:08 Scout Tower
21:09 Scout Tower
21:10 Scout Tower
21:13 Scout Tower
21:14 Scout Tower
21:14 Scout Tower
21:15 Scout Tower
21:23 Scout Tower
21:24 Scout Tower
21:24 Scout Tower
21:25 Scout Tower
21:27 Scout Tower
21:27 Scout Tower
21:28 Scout Tower
21:28 Scout Tower
22:31 Guard Tower
22:33 Guard Tower
22:58 Scout Tower
22:59 Scout Tower
22:59 Scout Tower
23:00 Scout Tower
23:01 Guard Tower
23:06 Scout Tower
23:07 Scout Tower
23:07 Scout Tower
23:12 Scout Tower
23:13 Scout Tower
23:14 Scout Tower
23:14 Scout Tower
23:15 Scout Tower
23:29 Guard Tower
23:57 Guard Tower
24:00 Scout Tower
24:01 Scout Tower
24:02 Scout Tower
24:59 Guard Tower
25:04 Scout Tower
25:05 Scout Tower
25:08 Scout Tower
25:08 Guard Tower
25:11 Arcane Vault
25:46 Guard Tower
25:54 Scout Tower
25:55 Scout Tower
25:57 Scout Tower
26:14 Scout Tower
26:15 Scout Tower
26:17 Scout Tower
26:18 Scout Tower
26:19 Scout Tower
26:29 Scout Tower
26:30 Scout Tower
27:18 Scout Tower
27:37 Scout Tower
27:38 Scout Tower
27:38 Scout Tower
27:39 Scout Tower
27:53 Guard Tower
28:07 Guard Tower
28:08 Scout Tower
28:21 Guard Tower
28:23 Scout Tower
28:24 Scout Tower
28:25 Scout Tower
28:25 Scout Tower
28:25 Scout Tower
28:26 Scout Tower
28:29 Scout Tower
28:30 Scout Tower
28:31 Scout Tower
28:32 Scout Tower
28:48 Guard Tower
29:13 Guard Tower
29:40 Guard Tower
30:26 Scout Tower
30:28 Scout Tower
31:08 Town Hall
32:08 Scout Tower
32:09 Scout Tower
32:09 Scout Tower
32:10 Scout Tower
32:10 Scout Tower
32:11 Scout Tower
32:12 Scout Tower
32:14 Scout Tower
32:15 Scout Tower
32:15 Scout Tower
» items
| Healing Salve | 3 | |
| Lesser Clarity Potion | 1 | |
| Scroll of Town Portal | 1 | |
| Orb of Lightning | 2 | |
| Staff of Sanctuary | 2 | |
| Potion of Healing | 3 | |
| Scroll of Regeneration | 2 | |
14 total
GoToYurup (
red | 113 APM | 3633 actions | 32:17)
5 Blademaster
2 Wind Walk
3 Critical Strike
» actions
| Assign group hotkey | 336 | |
| Basic commands | 34 | |
| Build / train | 70 | |
| Enter build submenu | 57 | |
| Enter hero's abilities submenu | 5 | |
| Remove unit from queue | 1 | |
| Right click | 1907 | |
| Select / deselect | 246 | |
| Select group hotkey | 787 | |
| Use ability | 190 | |
3633 total
» units
» upgrades
| Spiked Barricades | 1 | |
| Reinforced Defenses | 1 | |
| Ranged Weapons | 3 | |
| Liquid Fire | 1 | |
6 total
» buildings
| Altar of Storms | 1 | |
| Orc Burrow | 4 | |
| War Mill | 1 | |
| Watch Tower | 37 | |
| Voodoo Lounge | 3 | |
| Stronghold | 3 | |
| Beastiary | 2 | |
| Fortress | 3 | |
| Great Hall | 1 | |
55 total
» build order
00:01 Altar of Storms
00:07 Orc Burrow
00:23 War Mill
01:11 Orc Burrow
01:50 Watch Tower
02:08 Voodoo Lounge
02:20 Watch Tower
02:51 Watch Tower
02:52 Watch Tower
02:56 Watch Tower
03:20 Watch Tower
03:52 Stronghold
03:52 Stronghold
03:52 Stronghold
04:06 Watch Tower
04:16 Watch Tower
04:54 Watch Tower
05:11 Watch Tower
05:23 Watch Tower
05:44 Watch Tower
06:23 Beastiary
06:24 Beastiary
06:35 Watch Tower
06:52 Fortress
06:52 Fortress
06:55 Watch Tower
06:59 Voodoo Lounge
07:05 Voodoo Lounge
07:33 Orc Burrow
07:43 Orc Burrow
07:51 Watch Tower
09:59 Great Hall
10:00 Watch Tower
10:00 Watch Tower
10:26 Watch Tower
10:51 Watch Tower
10:51 Watch Tower
11:49 Watch Tower
11:50 Watch Tower
11:50 Watch Tower
11:52 Watch Tower
12:15 Watch Tower
12:16 Watch Tower
13:42 Watch Tower
13:43 Watch Tower
14:52 Watch Tower
14:52 Watch Tower
16:42 Watch Tower
17:27 Watch Tower
17:28 Watch Tower
22:30 Watch Tower
22:31 Watch Tower
22:32 Watch Tower
22:33 Watch Tower
» items
| Lesser Clarity Potion | 5 | |
| Healing Salve | 3 | |
| Orb of Lightning | 1 | |
| Claws of Attack +15 | 3 | |
| Circlet of Nobility | 1 | |
13 total
team 2 (loser)
Earthshrine (
pink | 128 APM | 3953 actions | 30:59)
3 Far Seer
1 Feral Spirit
2 Chain Lighting
2 Tauren Chieftain
1 War Stomp
1 Endurance Aura
» actions
| Assign group hotkey | 165 | |
| Basic commands | 31 | |
| Build / train | 83 | |
| Enter build submenu | 30 | |
| Enter hero's abilities submenu | 5 | |
| Give item / drop item | 2 | |
| Right click | 2017 | |
| Select / deselect | 856 | |
| Select group hotkey | 647 | |
| Use ability | 117 | |
3953 total
» units
| Peon | 9 | |
| Grunt | 4 | |
| Shaman | 4 | |
| Tauren | 7 | |
| Troll Witch Doctor | 9 | |
| Demolisher | 13 | |
46 total
» upgrades
| Armor | 2 | |
| Shaman Training | 2 | |
| Witch Doctor Training | 2 | |
| Pulverize | 1 | |
| Reinforced Defenses | 1 | |
| Melee Weapons | 1 | |
| Spiked Barricades | 1 | |
| Burning Oil | 1 | |
| Ranged Weapons | 1 | |
12 total
» buildings
| Altar of Storms | 1 | |
| Orc Burrow | 9 | |
| Barracks | 2 | |
| Voodoo Lounge | 1 | |
| Stronghold | 1 | |
| War Mill | 1 | |
| Fortress | 1 | |
| Spirit Lodge | 2 | |
| Tauren Totem | 2 | |
| Watch Tower | 5 | |
| Great Hall | 1 | |
26 total
» build order
00:05 Altar of Storms
00:19 Orc Burrow
00:36 Barracks
01:46 Orc Burrow
02:00 Voodoo Lounge
03:30 Stronghold
04:24 Orc Burrow
04:42 War Mill
04:51 Orc Burrow
05:56 Fortress
06:46 Spirit Lodge
07:30 Spirit Lodge
08:15 Orc Burrow
08:23 Tauren Totem
08:25 Tauren Totem
10:15 Watch Tower
12:34 Barracks
12:52 Orc Burrow
12:53 Orc Burrow
13:53 Watch Tower
15:26 Watch Tower
15:50 Watch Tower
15:54 Watch Tower
17:13 Orc Burrow
20:13 Orc Burrow
28:17 Great Hall
» items
| Potion of Healing | 2 | |
| Healing Salve | 1 | |
| Lesser Clarity Potion | 3 | |
| Scroll of Speed | 2 | |
| Scroll of Town Portal | 1 | |
| Orb of Lightning | 1 | |
10 total
MichaSWE (
yellow | 69 APM | 2234 actions | 32:16)
5 Death Knight
2 Death Coil
3 Unholy Aura
4 Dark Ranger
2 Black Arrow
2 Silence
2 Crypt Lord
1 Impale
1 Carrion Beetles
» actions
| Basic commands | 23 | |
| Build / train | 100 | |
| Enter build submenu | 24 | |
| Enter hero's abilities submenu | 11 | |
| Give item / drop item | 4 | |
| Remove unit from queue | 4 | |
| Right click | 1539 | |
| Select / deselect | 434 | |
| Use ability | 95 | |
2234 total
» units
| Acolyte | 15 | |
| Ghoul | 3 | |
| Crypt Fiend | 12 | |
| Frost Wyrm | 15 | |
| Meatwagon | 2 | |
47 total
» upgrades
| Creature Attack | 3 | |
| Creature Carapace | 3 | |
| Web | 1 | |
| Freezing Breath | 1 | |
8 total
» buildings
| Altar of Darkness | 1 | |
| Crypt | 1 | |
| Ziggurat | 9 | |
| Graveyard | 1 | |
| Tomb of Relics | 1 | |
| Halls of the Dead | 3 | |
| Nerubian Tower | 1 | |
| Black Citadel | 1 | |
| Sacrificial Pit | 1 | |
| Boneyard | 2 | |
| Slaughterhouse | 1 | |
| Spirit Tower | 1 | |
23 total
» build order
00:12 Altar of Darkness
00:16 Crypt
00:23 Ziggurat
00:40 Graveyard
00:54 Tomb of Relics
01:21 Ziggurat
01:58 Halls of the Dead
01:58 Halls of the Dead
01:59 Halls of the Dead
03:23 Nerubian Tower
03:55 Ziggurat
04:27 Black Citadel
04:31 Sacrificial Pit
05:27 Ziggurat
06:01 Ziggurat
07:00 Boneyard
07:04 Boneyard
07:07 Ziggurat
07:10 Ziggurat
07:13 Ziggurat
07:15 Ziggurat
19:52 Slaughterhouse
28:16 Spirit Tower
» items
| Rod of Necromancy | 1 | |
| Dust of Appearance | 1 | |
| Potion of Healing | 2 | |
| Scroll of Town Portal | 5 | |
| Scroll of Healing | 1 | |
| Potion of Greater Healing | 1 | |
| Orb of Lightning | 5 | |
| Healing Wards | 1 | |
| Healing Salve | 1 | |
18 total
NiceImba (
blue | 128 APM | 3967 actions | 31:03)
3 Demon Hunter
2 Mana Burn
1 Evasion
» actions
| Assign group hotkey | 18 | |
| Basic commands | 7 | |
| Build / train | 69 | |
| ESC pressed | 1 | |
| Enter build submenu | 27 | |
| Enter hero's abilities submenu | 3 | |
| Give item / drop item | 3 | |
| Right click | 2016 | |
| Select / deselect | 489 | |
| Select group hotkey | 1245 | |
| Use ability | 89 | |
3967 total
» units
» upgrades
| Vorpal Blades | 1 | |
| Strength of the Moon | 1 | |
| Moon Armor | 1 | |
3 total
» buildings
| Moon Well | 9 | |
| Altar of Elders | 1 | |
| Ancient of War | 6 | |
| Tree of Life | 3 | |
| Tree of Ages | 1 | |
| Hunter's Hall | 1 | |
21 total
» build order
00:03 Moon Well
00:19 Altar of Elders
02:50 Ancient of War
02:55 Ancient of War
08:03 Tree of Life
15:08 Tree of Ages
15:10 Moon Well
15:14 Moon Well
15:16 Hunter's Hall
16:19 Ancient of War
16:19 Ancient of War
16:24 Ancient of War
17:00 Ancient of War
17:14 Moon Well
20:07 Moon Well
20:12 Moon Well
20:13 Moon Well
20:14 Moon Well
20:16 Moon Well
22:19 Tree of Life
29:25 Tree of Life
» items
| Lesser Clarity Potion | 1 | |
| Potion of Healing | 2 | |
| Orb of Corruption | 1 | |
4 total
Chat log
(00:59 / Allies) GoToYurup: matarately
(02:37 / All) Birdeneering: bello
(31:04 / All) GoToYurup: good try boys
(31:04 / All) backintheUSSR: GG YALL
(31:15 / All) Birdeneering: please play better